 Dungeon Crawl Stone Soup version 0.24-a0-397-g73b976d855 (webtiles) character file.

Game seed: 3399875178160226531

129 Lanoc the Skirmisher (level 4, -12/37 HPs)
             Began as a Demonspawn Chaos Knight on June 5, 2019.
             Was a Plaything of Xom.
             Mangled by a tentacled starspawn (14 damage)
             ... on level 1 of the Abyss.
             The game lasted 00:04:20 (1727 turns).

Lanoc the Skirmisher (Demonspawn Chaos Knight)      Turns: 1727, Time: 00:04:21

Health: -12/37     AC:  6    Str: 12    XL:     4   Next: 88%
Magic:  4/4        EV: 12    Int: 13    God:    Xom [......]
Gold:   173        SH:  0    Dex: 14    Spells: 3/3 levels left

rFire    . . .     SeeInvis .   a - +0 mace (chaos)
rCold    . . .     Gourm    .   (no shield)
rNeg     . . .     Faith    +   m - +1 leather armour {MR+}
rPois    .         Spirit   .   l - +2 hat
rElec    .         Reflect  .   (no cloak)
rCorr    .         Harm     .   (no gloves)
MR       +....                  (no boots)
Stlth    +.........             g - amulet of faith
HPRegen  0.12/turn              (no ring)
MPRegen  0.09/turn              (no ring)

@: about to teleport
A: powered by death 1
a: Renounce Religion


You were on level 1 of the Abyss.
You worshipped Xom.
You were a very special plaything of Xom.
You were hungry.

You visited 1 branch of the dungeon, and saw 3 of its levels.
You visited the Abyss 1 time.

You collected 173 gold pieces.

Inventory:

Hand Weapons
 a - a +0 mace of chaos (weapon)
Armour
 l - a +2 hat (worn)
 m - a +1 leather armour of magic resistance (worn)
Jewellery
 g - an amulet of faith (around neck)
Scrolls
 f - 2 scrolls of identify
Potions
 d - a potion of curing
 i - a potion of lignification {unknown}
 j - 2 potions of ambrosia
Comestibles
 c - 5 rations


   Skills:
 + Level 4.0 Fighting
 - Level 2.6 Maces & Flails
 + Level 3.0 Armour
 + Level 2.4 Dodging


You had 3 spell levels left.
You didn't know any spells.
Your spell library was empty.

Dungeon Overview and Level Annotations

Branches:
Dungeon (3/15)

Altars:


Innate Abilities, Weirdness & Mutations

You regenerate a little health from kills.


Message History

As you read the scroll labeled RISEH JUHAPH, it crumbles to dust.
It is a scroll of identify.
j - 2 potions of ambrosia
As you read the scroll labeled DAOR DOTIU, it crumbles to dust.
The scroll dissolves into smoke.
It was a scroll of fog.
As you read the scroll labeled EGANOEWKOSH, it crumbles to dust.
You feel strangely unstable.
You feel the power of the Abyss delaying your translocation!
It was a scroll of teleportation.
It was a potion of curing.
You feel better.
Xom thinks this is hilarious!
You hit the tentacled starspawn but do no damage.
Tentacles burst from the starspawn's body!
The tentacled starspawn bites you!!
Ouch! That really hurt!
* * * LOW HITPOINT WARNING * * *
Xom roars with laughter!
The tentacled starspawn engulfs you!
You die...
Xom roars with laughter!

. ####. ## ...
.# .#.## ..# .
#..# ..#
#.###.## .##.
#...§§# #.
..##..#§#### ..#
###..##§wX@#
.....#..#####w##
... #. .# ###
#.#### . .# #
..## .# ##


You could see a tentacled starspawn and 2 starspawn tentacles.

Vanquished Creatures
  A worker ant (D:2)
  3 gnolls (D:2)
  2 adders
  An ooze (D:2)
  A worm (D:2)
  2 dart slugs (D:1)
  4 leopard geckos
  An orc (D:3)
  A ball python (D:1)
  3 giant cockroaches
  4 goblins
  4 hobgoblins
  A kobold (D:1)
  4 bats
  6 rats
38 creatures vanquished.

Vanquished Creatures (collateral kills)
  5 orcs (D:3)
5 creatures vanquished.

Vanquished Creatures (others)
  A giant cockroach (D:3)
1 creature vanquished.

Grand Total: 44 creatures vanquished

Notes
Turn   | Place    | Note
-------+----------+-------------------------------------------
     0 | D:1      | Lanoc the Demonspawn Chaos Knight began the quest for the
                  | Orb.
     0 | D:1      | Reached XP level 1. HP: 18/18 MP: 1/1
    23 | D:1      | Reached skill level 1 in Dodging
    97 | D:1      | Gained mutation: You regenerate a little health from kills.
                  | [demonic ancestry]
    97 | D:1      | Reached XP level 2. HP: 24/24 MP: 2/2
   590 | D:1      | Reached XP level 3. HP: 22/29 MP: 3/3
   858 | D:2      | XOM: confuse monster(s)
   860 | D:2      | Reached XP level 4. HP: 32/37 MP: 4/4
   914 | D:2      | XOM: noise
   921 | D:2      | XOM: confuse monster(s)
   947 | D:1      | XOM: harmless Erth miscast
  1083 | D:1      | XOM: harmless Pois miscast
  1295 | D:2      | Found a faded altar of an unknown god.
  1321 | D:3      | Reached skill level 4 in Fighting
  1359 | D:3      | XOM: destruction
  1366 | D:3      | XOM: cast spell 'Summon Mana Viper'
  1601 | D:3      | XOM: medium Tloc miscast
  1601 | D:3      | Cast into level 1 of the Abyss (the capriciousness of Xom)
  1608 | Abyss:1  | XOM: medium Ice miscast
  1686 | Abyss:1  | Noticed a tentacled starspawn
  1692 | Abyss:1  | XOM: fog
  1727 | Abyss:1  | Mangled by a tentacled starspawn

Levels and vault maps discovered:
D:1:      eino_arrival_cavern_c, layout_basic
D:2:      layout_rooms, chequers_ecumenical_altar_twisty
D:3:      minmay_razor_zed, layout_loops_ring
Abyss:1

Skill      XL: |  1  2  3  4 |
---------------+-------------+-----
Dodging        | 1 2 |  2.4
Armour         | 2 3 |  3.0
Fighting       | 4 |  4.0
Maces & Flails | |  2.6

Action                   |  1- 3 |  4- 6 || total
-------------------------+-------+-------++-------
Melee: Mace              |    90 |    58 ||   148
  Use: Scroll            |       |     4 ||     4
       Potion            |       |     1 ||     1
 Stab: Confused          |     1 |       ||     1
       Paralysed         |       |     1 ||     1
  Eat: Chunk             |       |     2 ||     2
Armor: Leather armour    |    39 |    29 ||    68
Dodge: Dodged            |    80 |    38 ||   118

Table legend:
 A = Non-vault XP
 B = Vault XP
 C = Vault XP percentage of total XP
 D = Non-vault monster count
 E = Vault monster count
 F = Vault count percentage of total count
                 A         B        C        D         E       F
            +---------+---------+-------+---------+---------+-------
      Total |     185 |       0 |   0.0 |      43 |       0 |   0.0
            +---------+---------+-------+---------+---------+-------
        D:1 |      42 |       0 |   0.0 |      20 |       0 |   0.0
        D:2 |     115 |       0 |   0.0 |      15 |       0 |   0.0
        D:3 |      28 |       0 |   0.0 |       8 |       0 |   0.0
            +---------+---------+-------+---------+---------+-------
